 Dungeon Crawl Stone Soup version 0.25.1-2-g60ff931df9 (webtiles) character file.

Game seed: 10656112068282627626

20241 Erymatos the Cleaver (level 12, 0/110 HPs)
             Began as a Minotaur Berserker on Nov 16, 2020.
             Was a High Priest of Trog.
             Slain by an ice devil (6 damage)
             ... summoned by a deep elf mage
             ... on level 13 of the Dungeon on Nov 17, 2020.
             The game lasted 00:33:22 (14321 turns).

Erymatos the Cleaver (Minotaur Berserker)          Turns: 14321, Time: 00:33:22

Health: 0/110      AC: 26    Str: 23    XL:     12   Next: 43%
Magic:  11/11      EV: 12    Int:  4    God:    Trog [*****.]
Gold:   353        SH:  0    Dex: 19    Spells: 11/11 levels left

rFire    . . .     SeeInvis .   E - +4 war axe "Ogreslayer" {vorpal, +Rage Dex+5}
rCold    + . .     Gourm    .   n - +1 buckler {AC+3}
rNeg     . . .     Faith    .   C - +2 plate armour
rPois    .         Spirit   .   (helmet restricted)
rElec    .         Reflect  .   d - +0 cloak
rCorr    .         Harm     .   A - +2 pair of gloves {archery}
MR       +....                  y - +0 pair of boots
Stlth    ..........             T - amulet of inaccuracy (curse)
HPRegen  0.28/turn              V - ring of protection from magic
MPRegen  0.12/turn              J - ring of protection from cold

@: confused, berserk cooldown, slowed, lightly drained, very slow
A: retaliatory headbutt, horns 2, subdued magic 1
a: Berserk, Trog's Hand, Brothers in Arms, Renounce Religion, Evoke Berserk Rage


You were on level 13 of the Dungeon.
You worshipped Trog.
Trog was extremely pleased with you.
You were hungry.

You visited 1 branch of the dungeon, and saw 13 of its levels.

You collected 816 gold pieces.
You spent 463 gold pieces at shops.

Inventory:

Hand Weapons
 D - the +5 great mace of Attainder {flame, rElec rPois rF+}
   (You took it off an orc warrior on level 6 of the Dungeon)

   It has been specially enchanted to burn those struck by it, causing extra
   injury to most foes and up to half again as much damage against particularly
   susceptible opponents.
   It protects you from fire.
   It insulates you from electricity.
   It protects you from poison.
 E - the +4 war axe "Ogreslayer" (weapon) {vorpal, +Rage Dex+5}
   (You found it on level 9 of the Dungeon)

   It inflicts extra damage upon your enemies.
   It affects your dexterity (+5).
   It lets you go berserk.
Armour
 d - a +0 cloak (worn)
 n - a +1 buckler of protection (worn)
 s - a +0 kite shield
 y - a +0 pair of boots (worn)
 A - a +2 pair of gloves of archery (worn)
 C - a +2 plate armour (worn)
 W - a +2 buckler of cold resistance
Jewellery
 j - an uncursed ring of positive energy
 t - an uncursed ring of protection from cold
 w - an uncursed ring of poison resistance
 J - a ring of protection from cold (right hand)
 M - a +6 ring of strength
 N - an uncursed ring of protection from fire
 T - a cursed amulet of inaccuracy (around neck)
 V - a ring of protection from magic (left hand)
Scrolls
 b - a scroll of silence
 g - 5 scrolls of magic mapping
 i - 3 scrolls of enchant weapon
 k - 7 scrolls of teleportation
 l - 5 scrolls of fog
 m - 4 scrolls of amnesia {unknown}
 r - 3 scrolls of immolation {unknown}
 u - 5 scrolls of remove curse
 G - 7 scrolls of identify
 H - a scroll of noise {unknown}
 L - a scroll of fear
Potions
 e - 2 potions of resistance
 f - a potion of mutation {unknown}
 h - 3 potions of ambrosia
 o - 6 potions of curing
 p - 4 potions of heal wounds
 v - 3 potions of cancellation
 B - 3 potions of lignification
 K - a potion of magic {unknown}
 O - 2 potions of haste {unknown}
 Q - 3 potions of flight {unknown}
 R - 4 potions of stabbing {unknown}
Comestibles
 c - 13 rations


   Skills:
 + Level 11.4(11.3) Fighting
 + Level 14.6(15.1) Axes
 + Level 7.5(12.0) Maces & Flails
 + Level 11.2 Armour
 * Level 7.2(7.1) Dodging
 - Level 1.2 Stealth
 - Level 6.1 Shields


You had 11 spell levels left.
You didn't know any spells.
Your spell library was empty.

Dungeon Overview and Level Annotations

Branches:
Dungeon (13/15)            Temple (0/1) D:4            Lair (0/6) D:11
    Orc (0/2) D:9
 Vaults: D:13-14

Altars:
Ashenzari
Dithmenos
Hepliaklqana
Kikubaaqudgha
Makhleb
Nemelex Xobeh
Okawaru
Trog
Yredelemnul
Beogh

Shops:
D:7 [   D:9 [   D:10 ?   D:11 *


Innate Abilities, Weirdness & Mutations

You reflexively headbutt those who attack you in melee.
You have a pair of horns on your head.
Your spells are a little easier to cast, but a little less powerful.


Message History

The hell rat closely misses you. The redback misses you.
The demonic crawler hits you but does no damage.
The demonic crawler misses you. The demonic crawler barely misses you.
The tarantella bites you but does no damage.
The ice devil hits you but does no damage.
The hell rat bites you but does no damage.
The hellwing hits you but does no damage. x2
Unknown command.
You slash the redback!
You kill the redback!
The redback's corpse disappears in a puff of smoke!
You hit the ice devil. You hit the hell rat. You closely miss the hellwing.
You closely miss the tarantella. You hit the demonic crawler.
The demonic crawler closely misses you.
The demonic crawler hits you but does no damage.
The demonic crawler hits you.
* * * LOW HITPOINT WARNING * * *
The tarantella bites you but does no damage.
The hell rat closely misses you. The ice devil hits you.
You die...

. #..##. .
#.#..#.#
.##.#..#.##
.........
####.#..#.#######
......§..........
......r4().......
###.#4@#)###
#....§ss.))#
..##.#(e#[##..# #
#..#)# .# #..##.
# #..# .. #..#
##### ##..# #..#
#..## #..#


You could see a demonic crawler (summoned), a hellwing (summoned), an ice devil
(summoned), a deep elf mage, a tarantella (summoned) and a hell rat (summoned).

Vanquished Creatures
  Harold (D:8)
  2 ogre magi
  3 two-headed ogres
  A deep elf knight (D:13)
  2 orc knights
  3 deep elf magi (D:13)
  The ghost of Ebobla the Chopper, a novice DsFi of Ru (D:6)
  A manticore (D:12)
  2 ugly things (D:12)
  2 cyclopes
  A kobold demonologist (D:13)
  An efreet (D:8)
  2 trolls
  A slime creature (D:12)
  2 hippogriffs
  2 shadows
  A wraith (D:12)
  7 yaks
  4 wyverns
  Sigmund (D:6)
  5 hungry ghosts
  3 vampire mosquitoes (D:12)
  9 orc warriors
  2 ice beasts
  A black bear (D:9)
  3 phantoms
  8 ogres
  9 centaurs
  7 bullfrogs
  A wyvern skeleton (D:12)
  5 scorpions
  15 killer bees
  6 electric eels (D:8)
  A wight (D:13)
  A quasit (D:11)
  5 centaur zombies
  7 crimson imps
  4 hounds
  3 bullfrog skeletons
  A centaur skeleton (D:4)
  A gnoll shaman (D:5)
  Crazy Yiuf (D:2)
  4 jellies
  6 orc priests
  8 iguanas
  5 orc wizards
  9 worker ants
  A hound zombie (D:8)
  A hound skeleton (D:8)
  3 gnolls (D:5)
  13 adders
  A shadow imp (D:7)
  2 oozes
  2 worms
  2 dart slugs
  3 leopard geckos
  40 orcs
  3 giant cockroaches
  7 goblins
  13 hobgoblins
  8 jackals
  5 quokkas
  A ball python (D:1)
  5 bats
  5 frilled lizards
  A jackal zombie (D:6)
  17 kobolds
  A leopard gecko zombie (D:7)
  4 rats
308 creatures vanquished.

Vanquished Creatures (collateral kills)
  An orc warrior (D:6)
  An orc priest (D:6)
  An orc (D:6)
3 creatures vanquished.

Grand Total: 311 creatures vanquished

Notes
Turn   | Place    | Note
-------+----------+-------------------------------------------
     0 | D:1      | Erymatos the Minotaur Berserker began the quest for the
                  | Orb.
     0 | D:1      | Reached XP level 1. HP: 19/19 MP: 0/0
    61 | D:1      | Reached XP level 2. HP: 21/27 MP: 1/1
   144 | D:1      | Reached skill level 4 in Axes
   621 | D:1      | Reached XP level 3. HP: 31/33 MP: 2/2
   811 | D:1      | Reached ** piety under Trog
  1435 | D:2      | Found a burning altar of Makhleb.
  1441 | D:2      | Found a bloodstained altar of Trog.
  1447 | D:2      | Reached XP level 4. HP: 36/41 MP: 3/3
  1538 | D:2      | Found a runed translucent door.
  1539 | D:2      | Noticed Crazy Yiuf
  1822 | D:2      | Killed Crazy Yiuf
  1964 | D:3      | Found an iron altar of Okawaru.
  2050 | D:3      | Reached skill level 1 in Stealth
  2234 | D:3      | Reached XP level 5. HP: 47/47 MP: 4/4
  2434 | D:4      | Reached *** piety under Trog
  2434 | D:4      | Reached skill level 5 in Axes
  2625 | D:4      | Reached skill level 5 in Fighting
  2670 | D:4      | Reached XP level 6. HP: 26/56 MP: 5/5
  2724 | D:4      | Reached skill level 6 in Axes
  3322 | D:4      | Found a shadowy altar of Dithmenos.
  3642 | D:4      | Found a basalt altar of Yredelemnul.
  3684 | D:4      | Found a staircase to the Ecumenical Temple.
  3701 | D:4      | Found a hazy altar of Hepliaklqana.
  4162 | D:5      | Entered Level 5 of the Dungeon
  4162 | D:5      | Found a shattered altar of Ashenzari.
  4247 | D:5      | Reached skill level 1 in Shields
  4247 | D:5      | Reached XP level 7. HP: 40/61 MP: 6/6
  4824 | D:5      | Reached skill level 5 in Armour
  5032 | D:5      | Noticed a hippogriff
  5044 | D:5      | Killed a hippogriff
  5044 | D:5      | Reached skill level 7 in Axes
  5044 | D:5      | Reached XP level 8. HP: 68/70 MP: 7/7
  6015 | D:6      | Reached skill level 5 in Dodging
  6053 | D:6      | Reached **** piety under Trog
  6166 | D:6      | Noticed Sigmund
  6173 | D:6      | Killed Sigmund
  6173 | D:6      | Reached skill level 8 in Axes
  6329 | D:6      | Found a sparkling altar of Nemelex Xobeh.
  6472 | D:6      | Found a runed translucent gate.
  6472 | D:6      | Found a runed translucent gate.
  6474 | D:6      | Found a runed translucent gate.
  6474 | D:6      | Noticed Ebobla's ghost (novice DsFi)
  6474 | D:6      | Identified the +5 great mace of Attainder {flame, rElec
                  | rPois rF+}
  6481 | D:6      | Found a roughly hewn altar of Beogh.
  6491 | D:6      | Killed Ebobla's ghost
  6491 | D:6      | Reached XP level 9. HP: 78/78 MP: 8/8
  6499 | D:6      | Reached skill level 5 in Shields
  6502 | D:6      | Reached skill level 9 in Axes
  6878 | D:7      | Reached skill level 10 in Axes
  7171 | D:7      | Found Xain's Armour Emporium.
  7179 | D:7      | Bought a +1 buckler of protection for 231 gold pieces
  7565 | D:7      | Got a dazzling leather armour
  7577 | D:7      | Identified the +0 leather armour "Qypsud" {MR+} (You found
                  | it on level 7 of the Dungeon)
  7937 | D:7      | Reached XP level 10. HP: 84/88 MP: 9/9
  7984 | D:7      | Found an ancient bone altar of Kikubaaqudgha.
  8757 | D:8      | Noticed Harold
  8773 | D:8      | Killed Harold
  8982 | D:8      | Reached skill level 11 in Axes
 10228 | D:8      | Reached skill level 1 in Maces & Flails
 10371 | D:8      | Reached ***** piety under Trog
 10567 | D:9      | Found Jyf Qug's Armour Emporium.
 10567 | D:9      | Found a staircase to the Orcish Mines.
 10828 | D:9      | Got a faintly glowing war axe
 10853 | D:9      | Reached skill level 5 in Maces & Flails
 11546 | D:10     | Entered Level 10 of the Dungeon
 11877 | D:10     | Reached XP level 11. HP: 97/97 MP: 10/10
 11888 | D:10     | Found Ibbuxaan's Magic Scroll Emporium.
 11893 | D:10     | Bought a scroll of fog for 32 gold pieces
 11893 | D:10     | Bought a scroll of identify for 32 gold pieces
 11893 | D:10     | Bought a scroll of teleportation for 48 gold pieces
 11893 | D:10     | Bought a scroll of identify for 32 gold pieces
 11893 | D:10     | Bought a scroll of fog for 32 gold pieces
 11893 | D:10     | Bought a scroll of fear for 56 gold pieces
 12081 | D:10     | Identified the +4 war axe "Ogreslayer" {vorpal, +Rage
                  | Dex+5} (You found it on level 9 of the Dungeon)
 12136 | D:11     | Received a gift from Trog
 12137 | D:11     | Found Jimom's Assorted Antiques.
 12514 | D:11     | Found a staircase to the Lair.
 12892 | D:12     | Noticed a white ugly thing
 12898 | D:12     | Noticed a green ugly thing
 12904 | D:12     | Killed a green ugly thing
 12904 | D:12     | Reached skill level 12 in Axes
 12908 | D:12     | Killed a green ugly thing
 12914 | D:12     | Reached skill level 10 in Fighting
 12914 | D:12     | Reached skill level 10 in Armour
 13115 | D:12     | Noticed a two-headed ogre
 13115 | D:12     | Noticed a two-headed ogre
 13121 | D:12     | Killed a two-headed ogre
 13121 | D:12     | Reached skill level 13 in Axes
 13124 | D:12     | Noticed an ogre mage
 13125 | D:12     | Killed a two-headed ogre
 13138 | D:12     | Killed an ogre mage
 13536 | D:12     | Identified the Grimoire of Dark Magic
 13546 | D:12     | Noticed an orc knight
 13551 | D:12     | Killed an orc knight
 13551 | D:12     | Reached XP level 12. HP: 102/108 MP: 11/11
 14259 | D:13     | Noticed a two-headed ogre
 14267 | D:13     | Reached skill level 14 in Axes
 14268 | D:13     | Noticed an ogre mage
 14278 | D:13     | Killed a two-headed ogre
 14290 | D:13     | Killed an ogre mage
 14300 | D:13     | Gained mutation: Your spells are a little easier to cast,
                  | but a little less powerful. [a neqoxec]
 14321 | D:13     | Slain by an ice devil

Illustrated notes

Levels and vault maps discovered:
D:1:      eino_arrival_tree_alley, layout_loops_cross
D:2:      layout_loops_ring, minitemple, uniq_crazy_yiuf_cottage
D:3:      minmay_spotlight, layout_basic, okawaru_ov_weapons_minmay,
          first_ration, guppyfry_early_lair_pool
D:4:      layout_basic, nicolae_overflow_hidden_temple, kennysheep_mini_moat,
          nicolae_dithmenos_shadow_blocks, minmay_temple_entry_offerings,
          minmay_quadrilaterals
D:5:      layout_basic, cheibrodos_ashenzari_chains, corexii_corridor_pit,
          minmay_hedge_maze, chequers_serial_rivers_micro_b,
          minmay_fractal_squares_gapless_5
D:6:      layout_loops_corners, nemelex_xobeh_ov_fountains_minmay,
          biasface_ghost_orc_armoury, kennysheep_generic_room_3, uniq_sigmund
D:7:      layout_basic, kiku_gazebo_garden_becter, serial_shops, shop
D:8:      cheibrodos_two_vegetables, layout_basic, grunt_pizzeria, uniq_harold
D:9:      layout_stronghold, orc_david_3
D:10:     layout_rooms, serial_shops, kennysheep_little_box
D:11:     layout_roguey, lair_entry_dummy, serial_shops, shop,
          minmay_misc_feat_four_crosses
D:12:     minmay_the_grid_octo_tiled_octocenter_mashed
          [minmay_the_grid_octo_checkered, minmay_the_grid_octo_vomiting_pacman,
          minmay_the_grid_octo_chip, minmay_the_grid_octo_clover_2,
          minmay_the_grid_octo_prize_single_spiral,
          minmay_the_grid_square_5x5_doubleslash,
          minmay_the_grid_square_5x5_eight_small,
          minmay_the_grid_square_5x5_lines, minmay_the_grid_square_5x5_three],
          layout_cave_pods
D:13:     layout_long_grid, hangedman_vaults_entry_quadrant_bands

Skill      XL: |  1  2  3  4  5  6  7  8  9 10 11 12 |
---------------+-------------------------------------+-----
Fighting       | 4 5 6 8 9 10 11 | 11.4
Axes           | 4 5 6 7 8 10 11 13 14 | 14.6
Dodging        | 3 4 5 6 7 |  7.2
Stealth        | 1 |  1.2
Armour         | 4 6 7 8 9 10 11 | 11.2
Shields        | 1 2 4 6 |  6.1
Maces & Flails | 6 7 |  7.5

Action                   |  1- 3 |  4- 6 |  7- 9 | 10-12 || total
-------------------------+-------+-------+-------+-------++-------
Melee: Hand axe          |    68 |   137 |   266 |    93 ||   564
       Headbutt          |     9 |    24 |    68 |   109 ||   210
       Great mace        |       |       |       |   121 ||   121
       War axe           |       |       |       |   220 ||   220
Invok: Berserk           |       |     3 |     6 |     7 ||    16
       Brothers in Arms  |       |       |     1 |       ||     1
  Use: Scroll            |       |       |    14 |     1 ||    15
 Stab: Sleeping          |     2 |     1 |       |       ||     3
       Distracted        |       |       |       |     1 ||     1
  Eat: Chunk             |     2 |     6 |    14 |    20 ||    42
       Ration            |       |     1 |     2 |     3 ||     6
Armor: Animal skin       |     5 |     8 |       |       ||    13
       Ring mail         |       |    19 |    58 |       ||    77
       Leather armour    |       |       |     3 |    16 ||    19
       Plate armour      |       |       |       |   246 ||   246
Dodge: Dodged            |    44 |    76 |   102 |   221 ||   443
Block: Kite shield       |       |    25 |    89 |       ||   114
       Buckler           |       |       |     4 |   102 ||   106
